 Dungeon Crawl Stone Soup version 0.29-a0-483-g69413ace17 (webtiles) character file.

Game seed: 11374068678369487486

2 oldark the Sneak (level 1, -2/20 HPs)
             Began as a Deep Dwarf Delver on May 25, 2022.
             Succumbed to a water moccasin's poison
             ... on level 5 of the Dungeon.
             The game lasted 00:00:44 (41 turns).

oldark the Sneak (Deep Dwarf Delver)                  Turns: 41, Time: 00:00:45

Health: -2/20      AC:  3    Str: 15    XL:     1   Next: 25%
Magic:  1/1        EV: 12    Int: 10    God:
Gold:   0          SH:  0    Dex: 14    Spells: 0/0 levels left

rFire   . . .      SeeInvis .   a - +0 mace
rCold   . . .      Faith    .   (no shield)
rNeg    . . .      Spirit   .   b - +0 leather armour
rPois   .          Reflect  .   (no helmet)
rElec   .          Harm     .   (no cloak)
rCorr   .          Rampage  .   (no gloves)
Will    .....                   (no boots)
Stlth   +++.......              (no amulet)
HPRegen 0.00/turn               (no ring)
MPRegen 0.07/turn               (no ring)

@: lethally poisoned (-2 -> -6)
A: damage resistance, heal wounds, sense surroundings 1, no regeneration
a: Heal Wounds


You were on level 5 of the Dungeon.
You visited 1 branch of the dungeon, and saw 1 of its levels.

Inventory:

Hand Weapons
 a - a +0 mace (weapon)
Armour
 b - a +0 leather armour (worn)
Wands
 g - a wand of digging (3)
Scrolls
 c - a scroll of fog
 e - a scroll of fear
Potions
 f - a potion of haste


   Skills:
 + Level 2.7 Fighting
 * Level 2.1 Maces & Flails
 + Level 0.1 Armour
 - Level 2.1 Dodging
 - Level 6.0 Stealth


You couldn't memorise any spells.
You didn't know any spells.
Your spell library was empty.

Dungeon Overview and Level Annotations

Branches:
Dungeon (5/15)
 Temple: D:4-7

Altars:


Innate Abilities, Weirdness & Mutations

You are resistant to damage.
You can heal yourself by infusing magical energy.
You passively map a small area around you.
You do not regenerate.


Message History

An orc comes into view. It is wielding a +0 dagger.
The helpless orc fails to defend itself.
You hit the orc.
The orc is severely wounded.
The orc hits you but does no damage.
You barely miss the orc.
The orc is severely wounded.
The orc hits you but does no damage.
You closely miss the orc.
The orc is severely wounded.
The orc hits you with a +0 dagger.
You hit the orc.
The orc is severely wounded.
The orc hits you with a +0 dagger. The orc hits you but does no damage.
You barely miss the orc.
The orc is severely wounded.
The orc hits you with a +0 dagger.
You thump the orc!
You kill the orc!
Things that are here:
a +0 dagger; an orc corpse
As you read the scroll of magic mapping, it crumbles to dust.
You feel aware of your surroundings.
An iguana comes into view.
A water moccasin comes into view.
The water moccasin hisses angrily.
The water moccasin attacks as you move away!
The water moccasin barely misses you.
You barely miss the water moccasin. The water moccasin bites you!
The water moccasin bites you but does no damage.
You completely miss the water moccasin. The water moccasin bites you.
You are poisoned.
The water moccasin poisons you!
The water moccasin completely misses you.
You barely miss the water moccasin. The water moccasin bites you!
* * * LOW HITPOINT WARNING * * *
You are lethally poisoned!
The water moccasin poisons you!
The water moccasin bites you but does no damage.
You closely miss the water moccasin.
You die...

,,,,**,,**,,,*,*...#*
*******,**,,,*,,...#
*******,**,^,***#..#
,,,,,,,,>,,<,* #..#
*****,*,,,*,** #..# *
*,*,,,*.#####..# *
*,*,,,,.l......# *
*,***,*,*#####.# *
*,,,,,,,*#..@S.#
*********,,,##.###.#
,,**,,,**,,,#...##.#
***,,,,,*,,*#...######
,,,,,*,,*,,*#........#
***,,,,,#..###..####.#
,,**,,,*#.......#*,,,*
,,,**,**#..####.##,***
,,,,*,*,.........#,*


You could see a water moccasin.

Vanquished Creatures
  An orc (D:5)
1 creature vanquished.

Notes
Turn   | Place    | Note
-------+----------+-------------------------------------------
     0 | D:5      | oldark the Deep Dwarf Delver began the quest for the Orb.
     0 | D:5      | Reached XP level 1. HP: 20/20 MP: 1/1
    31 | D:5      | Noticed an iguana
    31 | D:5      | Noticed a water moccasin
    41 | D:5      | Succumbed to a water moccasin's poison

Illustrated notes

Levels and vault maps discovered:
D:5:      minmay_octagon_keep, layout_basic, uniq_blork_the_orc, uniq_duvessa

Action                   || total
-------------------------++-------
Melee: Mace              ||    10
  Use: Scroll            ||     1
 Stab: Sleeping          ||     1
Armor: Leather armour    ||     5
Dodge: Dodged            ||     2

Table legend: (Time is in decaauts)
 A = Elapsed time spent in this place.
 B = Non-inter-level travel time spent in this place.
 C = Inter-level travel time spent in this place.
 D = Time resting spent in this place.
 E = Time spent auto-exploring this place.
 F = Levels seen in this place.
 G = Mean time per level.
                   A        B        C        D        E       F      G
               +--------+--------+--------+--------+--------+-----+--------+
         Total |     43 |     43 |      0 |      0 |      4 |   1 |   43.0 |
       Dungeon |     43 |     43 |      0 |      0 |      4 |   1 |   43.0 |
               +--------+--------+--------+--------+--------+-----+--------+

Top non-repeatable levels by time:
     D:5: 43 daAuts
